 Dungeon Crawl Stone Soup version 0.26.1-11-gd32895ea62 (webtiles) character file.

Game seed: 11171641282878491064

33 Zeld the Cudgeller (level 3, -2/30 HPs)
             Began as a Draconian Gladiator on June 14, 2021.
             Slain by a goblin (4 damage)
             ... led by Robin
             ... on level 2 of the Dungeon.
             The game lasted 00:02:08 (1145 turns).

Zeld the Cudgeller (Draconian Gladiator)            Turns: 1145, Time: 00:02:09

Health: -2/30      AC:  5    Str: 17    XL:     3   Next: 12%
Magic:  3/3        EV: 13    Int:  8    God:
Gold:   44         SH:  0    Dex: 12    Spells: 2/2 levels left

rFire    . . .     SeeInvis .   a - +0 flail
rCold    . . .     Faith    .   (no shield)
rNeg     . . .     Spirit   .   (armour unavailable)
rPois    .         Reflect  .   b - +0 hat
rElec    .         Harm     .   (no cloak)
rCorr    .         Rampage  .   (no gloves)
Will     .....                  (no boots)
Stlth    +.........             (no amulet)
HPRegen  0.10/turn              (no ring)
MPRegen  0.08/turn              (no ring)

@: no status effects
A: unfitting armour, cold-blooded, AC +5
a: no special abilities


You were on level 2 of the Dungeon.
You visited 1 branch of the dungeon, and saw 2 of its levels.

You collected 44 gold pieces.

Inventory:

Hand Weapons
 a - a +0 flail (weapon)
Missiles
 c - 3 throwing nets (quivered)
 k - 17 stones
Armour
 b - a +0 hat (worn)
Jewellery
 m - an uncursed ring of poison resistance {unknown}
Scrolls
 f - a scroll of fear {unknown}
 g - a scroll of immolation {unknown}
 j - a scroll of blinking {unknown}
 l - a scroll of remove curse {unknown}
Potions
 d - a potion of resistance {unknown}
 e - 3 potions of haste
 h - 2 potions of mutation {unknown}
 i - a potion of lignification {unknown}


   Skills:
 + Level 2.5 Fighting
 * Level 3.5 Maces & Flails
 * Level 2.3 Throwing
 + Level 2.9 Dodging


You had 2 spell levels left.
You didn't know any spells.
Your spell library was empty.

Dungeon Overview and Level Annotations

Branches:
Dungeon (2/15)

Altars:

Annotations:
D:2 Robin


Innate Abilities, Weirdness & Mutations

Your plain brown scales are hard. (AC +5)
You cannot fit into any form of body armour.
You are cold-blooded and may be slowed by cold attacks.


Message History

Robin throws the goblin at you! The goblin closely misses you.
The goblin barely misses you.
Things that are here:
a frilled lizard corpse; a frilled lizard corpse You closely miss the goblin.
The goblin no longer looks unusually strong. x2
Robin throws the goblin at you!
* * * LOW HITPOINT WARNING * * *
The leopard gecko closely misses you. The goblin closely misses you.
The goblin misses you. The goblin hits you.
* * * LOW HITPOINT WARNING * * *
The leopard gecko bites you but does no damage.
Unknown command.
You barely miss the goblin. You tail-slap the goblin.
The goblin is moderately wounded.
The goblin no longer looks unusually strong. x2
The goblin misses you.
The leopard gecko completely misses you.
The goblin closely misses you. The goblin hits you.
You die...

#gg#...###
##.r##..#.#
#..g......#
#..g##gg..#
#..gg.gg##
#.#g##.gg#
#...##.#r#
######.#l##
#.#@g#
#.#gg....#
#.#......#
#.#......#
#.+......+
#......#
#......#
#......#


You could see Robin (fast), a leopard gecko, a hobgoblin, 6 goblins and a rat.

Vanquished Creatures
  A dart slug (D:1)
  A giant cockroach (D:1)
  5 goblins
  5 hobgoblins (D:1)
  6 jackals (D:1)
  2 bats (D:1)
  4 frilled lizards
  3 rats (D:1)
27 creatures vanquished.

Notes
Turn   | Place    | Note
-------+----------+-------------------------------------------
     0 | D:1      | Zeld the Draconian Gladiator began the quest for the Orb.
     0 | D:1      | Reached XP level 1. HP: 17/17 MP: 1/1
    60 | D:1      | Reached XP level 2. HP: 5/25 MP: 2/2
   899 | D:1      | Reached XP level 3. HP: 30/30 MP: 3/3
  1125 | D:2      | Identified the -4 helmet of Pathos {*Slow +Blink +Fly}
  1125 | D:2      | Noticed Robin
  1145 | D:2      | Slain by a goblin

Illustrated notes

Levels and vault maps discovered:
D:1:      shiori_arrival_elements, layout_basic, grunt_decor_junction,
          st_stairs_13
D:2:      layout_basic, minmay_misc_feat_enclosed, uniq_robin

Skill      XL: |  1 |
---------------+----+-----
Throwing       | 2 |  2.3
Fighting       | |  2.5
Maces & Flails | |  3.5
Dodging        | |  2.9

Action                   || total
-------------------------++-------
Melee: Flail             ||   106
       Tailslap          ||     8
Armor: Skin              ||    36
Dodge: Dodged            ||   105
